 Dungeon Crawl Stone Soup version 0.30-a0-1114-gd936c97349 (webtiles) character file.

Game seed: 11922836172178138038

30935 sircluck the Severer (level 13, -8/118 HPs)
             Began as a Hill Orc Fighter on Apr 20, 2023.
             Was a High Priest of Beogh.
             Mangled by a titanic slime creature (106 damage)
             ... summoned by an orange crystal statue
             ... in an ice cave.
             The game lasted 00:38:36 (13396 turns).

sircluck the Severer (Hill Orc Fighter)            Turns: 13396, Time: 00:38:37

Health: -8/118     AC: 22    Str: 28    XL:     13   Next: 54%
Magic:  6/13       EV: 17    Int: 12    God:    Beogh [*****.]
Gold:   1025       SH: 15    Dex: 10    Spells: 12/12 levels left

rFire   . . .      SeeInvis +    a - +3 war axe (protect)
rCold   + . .      Faith    .    m - +4 kite shield of Gallantry {Str+4}
rNeg    + . .      Spirit   .    C - +5 ring mail of Sacesahy {Drain rPois Regen+ Int+4}
rPois   +          Reflect  .    l - +1 helmet
rElec   .          Rampage  .    V - scarf {repulsion}
rCorr   .          Harm     + .  B - +0 pair of gloves of the Shining Light {Harm rC+ Slay+5 SInv}
Will    .....                    (no boots)
Stlth   +                        (no amulet)
HPRegen 1.19/turn                M - +5 ring of evasion
MPRegen 0.13/turn                A - ring of positive energy

@: under a protective aura, repel missiles
A: walk on water
a: Renounce Religion, Smiting, Recall Orcish Followers, Give Item to Named
Follower


You were in an ice cave.
You worshipped Beogh.
Beogh was extremely pleased with you.
You visited 2 branches of the dungeon, and saw 15 of its levels.
You also visited: Ice Cave.

You collected 1025 gold pieces.

Inventory:

Hand Weapons
 a - a +3 war axe of protection (weapon)
 q - the +4 sling "Yceikae" {drain, rF+ Int+4 Dex+2}
   (You found it on level 2 of the Dungeon)

   Int:       It affects your intelligence (+4).
   Dex:       It affects your dexterity (+2).
   rF:        It protects you from fire.
 z - a +2 hand axe of flaming
 J - a +4 battleaxe
 X - a +1 hand axe of flaming
Missiles
 e - 134 stones (quivered)
 g - 4 curare-tipped darts
 y - 30 boomerangs
 I - 42 poisoned darts
Armour
 l - a +1 helmet (worn)
 m - the +4 kite shield of Gallantry (worn) {Str+4}
   (You found it on level 2 of the Dungeon)

   Str:       It affects your strength (+4).
 B - the +0 pair of gloves of the Shining Light (worn) {Harm rC+ Slay+5 SInv}
   (You found it on level 4 of the Dungeon)

   Slay:      It affects your accuracy & damage with ranged weapons and melee
   (+5).
   rC:        It protects you from cold.
   SInv:      It lets you see invisible.
   Harm:      It increases damage dealt and taken.
 C - the +5 ring mail of Sacesahy (worn) {Drain rPois Regen+ Int+4}
   (You found it on level 4 of the Dungeon)

   Int:       It affects your intelligence (+4).
   rPois:     It protects you from poison.
   Regen:     It increases your rate of health regeneration.
   Drain:     It drains your maximum health when unequipped.
 V - a scarf of repulsion (worn)
 W - a +1 pair of gloves
Jewellery
 b - an amulet of faith
 A - a ring of positive energy (right hand)
 E - a ring of magical power
 F - an amulet of the acrobat
 M - a +5 ring of evasion (left hand)
 T - a ring of wizardry
 U - a ring of wizardry
 Z - a +6 ring of intelligence
Wands
 v - a wand of digging (1)
 D - a wand of mindburst (2)
 K - a wand of flame (16)
 L - a wand of roots (15)
 P - a wand of charming (13)
 Y - a wand of polymorph (8)
Scrolls
 c - a scroll of fog
 h - 2 scrolls of magic mapping
 n - a scroll of brand weapon
 p - 2 scrolls of blinking
 r - 2 scrolls of silence
 s - 5 scrolls of poison
 t - 2 scrolls of enchant weapon
 w - 8 scrolls of teleportation
 x - 2 scrolls of identify
 S - 2 scrolls of torment {unknown}
Potions
 d - 2 potions of might
 f - 6 potions of curing
 i - a potion of cancellation {unknown}
 j - 4 potions of invisibility
 k - a potion of ambrosia
 o - 4 potions of mutation
 u - 2 potions of magic
 H - 2 potions of heal wounds {unknown}
 N - a potion of brilliance
 O - a potion of berserk rage {unknown}
 R - a potion of flight
Miscellaneous
 Q - a phantom mirror


   Skills:
 + Level 12.2 Fighting
 + Level 17.9 Axes
 + Level 1.0 Throwing
 + Level 8.5 Armour
 + Level 7.0 Dodging
 + Level 2.2 Stealth
 + Level 11.5 Shields
 + Level 1.1 Invocations
 + Level 0.6 Evocations


You had 12 spell levels left.
You didn't know any spells.
Your spell library contained the following spells:

 Spells                   Type           Power      Damage    Failure   Level
 Apportation              Tloc           0%         N/A       67%         1
 Shock                    Conj/Air       0%         1d3       67%         1
 Blink                    Tloc           0%         N/A       82%         2
 Ensorcelled Hibernation  Hex/Ice        0%         N/A       82%         2
 Lesser Beckoning         Tloc           0%         N/A       82%         2
 Momentum Strike          Conj/Tloc      0%         3d8       82%         2
 Passwall                 Tmut/Erth      0%         N/A       82%         2
 Ozocubu's Armour         Ice            0%         N/A       96%         3
 Portal Projectile        Hex/Tloc       0%         N/A       96%         3
 Spider Form              Tmut/Pois      0%         N/A       96%         3
 Swiftness                Air            0%         N/A       96%         3
 Tukima's Dance           Hex            0%         N/A       96%         3
 Volatile Blastmotes      Fire/Tloc      0%         2d10      96%         3
 Airstrike                Air            0%         2d(0-16)  100%        4
 Anguish                  Hex/Necr       0%         N/A       100%        4
 Fulminant Prism          Conj/Hex       0%         3d5       100%        4
 Iskenderun's Mystic Bla  Conj/Tloc      0%         2d3       100%        4
 Olgreb's Toxic Radiance  Pois           0%         N/A       100%        4
 Passage of Golubria      Tloc           0%         N/A       100%        4
 Lee's Rapid Deconstruct  Erth           0%         3d4*      100%        5
 Metabolic Englaciation   Hex/Ice        0%         N/A       100%        5
 Yara's Violent Unravell  Hex/Tmut       0%         3d3       100%        5
 Dispersal                Tloc           0%         N/A       100%        6
 Simulacrum               Ice/Necr       0%         N/A       100%        6


Dungeon Overview and Level Annotations

Branches:
Dungeon (15/15)            Temple (1/1) D:5            Lair (0/5) D:10
    Orc (0/2) D:12         Depths (0/4) D:15          IceCv (1/1)
 Vaults: D:13-14

Altars:
Ashenzari
Cheibriados
Dithmenos
Elyvilon
Fedhas
Gozag
Hepliaklqana
Kikubaaqudgha
Makhleb
Nemelex Xobeh
Okawaru
Qazlal
Ru
Sif Muna
Trog
Uskayaw
Vehumet
Wu Jian
Xom
Yredelemnul
Zin
The Shining One

Annotations:
IceCv exclusion: orange crystal statue


Message History

Two slime creatures merge to form a very large slime creature.
You block the large slime creature's attack.
You slash the large slime creature!
The large slime creature is moderately wounded.
You slice the large slime creature!!
The large slime creature is severely wounded.
You block the large slime creature's attack.
You hit the large slime creature.
The large slime creature is severely wounded.
Two slime creatures merge to form an enormous slime creature.
You block the large slime creature's attack.
You barely miss the large slime creature.
The large slime creature is severely wounded.
The large slime creature hits you!!
You slash the large slime creature!
The large slime creature is almost dead.
The large slime creature completely misses you.
An enormous slime creature splits.
You hit the large slime creature.
The large slime creature is almost dead.
You slash the large slime creature!
The large slime creature is almost dead.
Two slime creatures merge to form an enormous slime creature.
A large slime creature splits.
You slash the enormous slime creature!
The enormous slime creature is heavily wounded.
Two slime creatures merge to form a large slime creature.
Two slime creatures merge to form a titanic slime creature.
You slice the titanic slime creature!!
The titanic slime creature is heavily wounded.
Two slime creatures merge to form a very large slime creature.
You slash the titanic slime creature!
The titanic slime creature is heavily wounded.
You slash the titanic slime creature!
The titanic slime creature is heavily wounded.
You slash the titanic slime creature!
The titanic slime creature is severely wounded.
The titanic slime creature hits you!!!!
Ouch! That really hurt!
You die...

#....J# #...ZJ###
#....#### #
###JJJJ.### ###..
###.J...#####.....
####.........#
####JZ.#### ##J##
##@## ##...##
#..∩..# ##.∩.##
#####


You could see a titanic slime creature (summoned), a very large slime creature
(summoned) and a slime creature simulacrum (summoned).

Vanquished Creatures
  Jorgrun (D:12)
  A quicksilver ooze (IceCv)
  3 boulder beetles
  A catoblepas (D:13)
  3 centaur warriors (D:15)
  2 two-headed ogres
  2 tengu warriors (D:15)
  20 slime creatures
  An obsidian statue (D:12)
  An orc knight (D:11)
  A deep elf pyromancer (D:8)
  4 manticores
  8 cyclopes
  A gargoyle (D:11)
  2 efreet (D:15)
  3 freezing wraiths (D:15)
  A komodo dragon (D:11)
  7 trolls
  A hornet (D:8)
  A jumping spider (shapeshifter) (D:15)
  Sigmund (D:6)
  A shadow (D:12)
  A vampire (D:11)
  A wyvern (D:8)
  4 wraiths
  A basilisk (D:15)
  10 yaks
  10 vampire mosquitoes
  2 wargs (D:10)
  2 acid dragons
  2 water moccasins (D:5)
  4 orc warriors
  A sky beast (D:6)
  A great orb of eyes simulacrum (IceCv)
  2 ogres (D:5)
  An ice beast (D:8)
  A centaur (D:7)
  4 phantoms
  2 slime creature simulacra (IceCv)
  2 kobold brigands
  A bullfrog (D:6)
  2 gnoll sergeants
  3 scorpions
  2 glowing shapeshifter simulacra (IceCv)
  15 wights
  2 troll zombies (D:12)
  5 killer bees (D:10)
  A howler monkey (D:8)
  4 jellies (D:5)
  A gnoll bouda (D:7)
  14 hounds
  6 orc priests
  3 sleepcaps
  3 iguanas
  7 orc wizards
  3 ogre zombies (D:12)
  19 gnolls
  8 adders
  3 white imps
  3 ufetubi
  2 worms
  5 dart slugs
  32 orcs
  12 ball pythons
  7 bats
  15 endoplasms
  A giant cockroach (D:1)
  6 goblins
  8 hobgoblins
  3 jackals (D:7)
  20 kobolds
  A quokka (D:3)
  3 frilled lizards
  2 goblin skeletons (D:12)
  2 goblin zombies (D:12)
  6 orc skeletons (D:12)
  8 orc zombies (D:12)
  9 rats
364 creatures vanquished.

Vanquished Creatures (collateral kills)
  2 trolls
  A slime creature (D:13)
  2 vampire mosquitoes (D:11)
  A troll zombie (D:12)
  An orc wizard (D:10)
  2 ogre zombies (D:12)
  2 orcs
  A goblin skeleton (D:12)
  3 hobgoblin zombies (D:12)
  An orc skeleton (D:12)
  2 orc zombies (D:12)
18 creatures vanquished.

Vanquished Creatures (others)
  An orc sorcerer (D:12)
  3 orc warriors
  An orc wizard (D:13)
  An orc priest (D:11)
  2 orcs
  7 fungi (D:5)
  A plant (D:10)
  6 toadstools (D:5)
22 creatures vanquished.

Grand Total: 404 creatures vanquished

Notes
Turn   | Place    | Note
-------+----------+-------------------------------------------
     0 | D:1      | sircluck the Hill Orc Fighter began the quest for the Orb.
     0 | D:1      | Reached XP level 1. HP: 19/19 MP: 1/1
    60 | D:1      | Reached XP level 2. HP: 16/27 MP: 2/2
   188 | D:1      | Reached skill level 3 in Axes
   192 | D:1      | Reached XP level 3. HP: 15/33 MP: 3/3
   752 | D:2      | Identified the +4 kite shield of Gallantry {Str+4}
   886 | D:2      | Reached XP level 4. HP: 26/40 MP: 4/4
   903 | D:2      | Identified the +4 sling "Yceikae" {drain, rF+ Int+4 Dex+2}
  1231 | D:2      | Reached skill level 4 in Axes
  2191 | D:3      | Reached XP level 5. HP: 11/47 MP: 5/5
  2402 | D:4      | Noticed a phantom
  2428 | D:4      | Reached skill level 1 in Dodging
  2438 | D:4      | Killed a phantom
  2439 | D:4      | Reached skill level 5 in Axes
  2439 | D:4      | Reached XP level 6. HP: 39/53 MP: 6/6
  2525 | D:4      | Identified the +0 pair of gloves of the Shining Light {Harm
                  | rC+ Slay+5 SInv}
  2999 | D:4      | Reached skill level 6 in Axes
  3029 | D:4      | Identified the +5 ring mail of Sacesahy {Drain rPois Regen+
                  | Int+4}
  3601 | D:5      | Entered Level 5 of the Dungeon
  3647 | D:5      | Reached XP level 7. HP: 60/60 MP: 7/7
  3655 | D:5      | Reached skill level 7 in Axes
  3658 | D:5      | Reached skill level 5 in Fighting
  3708 | D:5      | Found a staircase to the Ecumenical Temple.
  3726 | D:5      | Reached skill level 8 in Axes
  3726 | D:5      | Reached skill level 5 in Armour
  3733 | Temple   | Entered the Ecumenical Temple
  4434 | D:5      | Reached XP level 8. HP: 69/69 MP: 8/8
  4453 | D:5      | Got the Precepts of Tainted Coordinates
  4687 | D:5      | Noticed a slime creature
  4688 | D:5      | Noticed a slime creature
  4688 | D:5      | Noticed a slime creature
  4734 | D:5      | Killed a very large slime creature
  4735 | D:5      | Reached skill level 9 in Axes
  4735 | D:5      | Reached skill level 5 in Shields
  4756 | D:5      | Reached skill level 1 in Stealth
  4840 | D:5      | Reached skill level 10 in Axes
  5056 | D:5      | Reached XP level 9. HP: 78/78 MP: 9/9
  5201 | D:6      | Noticed Sigmund
  5229 | D:6      | Killed Sigmund
  5230 | D:6      | Reached skill level 11 in Axes
  5324 | D:6      | Became a worshipper of Beogh the Brigand
  5600 | D:6      | Found a sparkling altar of Nemelex Xobeh.
  6203 | D:7      | Reached skill level 12 in Axes
  6203 | D:7      | Reached XP level 10. HP: 83/86 MP: 10/10
  6212 | D:7      | Reached * piety under Beogh
  6962 | D:8      | Reached skill level 13 in Axes
  6963 | D:8      | Reached ** piety under Beogh
  6965 | D:8      | Noticed a deep elf pyromancer
  6980 | D:8      | Killed a deep elf pyromancer
  8016 | D:9      | Noticed a two-headed ogre
  8023 | D:9      | Killed a two-headed ogre
  8024 | D:9      | Reached XP level 11. HP: 89/95 MP: 4/11
  8111 | D:9      | Reached skill level 5 in Dodging
  8123 | D:9      | Reached skill level 14 in Axes
  8128 | D:9      | Reached skill level 1 in Throwing
  8201 | D:9      | Reached skill level 1 in Invocations
  8361 | D:10     | Entered Level 10 of the Dungeon
  8447 | D:10     | Found a transporter.
  8467 | D:10     | Found a transporter.
  8588 | D:10     | Found a transporter.
  8608 | D:10     | Found a transporter.
  9043 | D:10     | Reached skill level 15 in Axes
  9112 | D:10     | Found a staircase to the Lair.
  9119 | D:10     | Reached *** piety under Beogh
  9908 | D:11     | Noticed a manticore
  9919 | D:11     | Killed a manticore
 10324 | D:11     | Noticed a cyclops
 10329 | D:11     | Killed a cyclops
 10363 | D:11     | Noticed a cyclops
 10364 | D:11     | Noticed an orc knight
 10369 | D:11     | Noticed a cyclops
 10372 | D:11     | Noticed a boulder beetle
 10395 | D:11     | Killed an orc knight
 10512 | D:11     | Killed a cyclops
 10513 | D:11     | Reached XP level 12. HP: 91/104 MP: 12/12
 10514 | D:11     | Killed a boulder beetle
 10515 | D:11     | Reached skill level 16 in Axes
 11237 | D:12     | Noticed a two-headed ogre
 11252 | D:12     | Reached skill level 10 in Fighting
 11258 | D:12     | Killed a two-headed ogre
 11259 | D:12     | Reached skill level 10 in Shields
 11357 | D:12     | Reached **** piety under Beogh
 11359 | D:12     | Found a staircase to the Orcish Mines.
 11369 | D:12     | Gained Korbok as an ally
 11381 | D:12     | Your ally Korbok died
 11693 | D:12     | Noticed Jorgrun
 11702 | D:12     | Noticed a boulder beetle
 11834 | D:12     | Killed a boulder beetle
 11971 | D:12     | Killed Jorgrun
 12064 | D:12     | Noticed a soul eater
 12205 | D:12     | Noticed a sun demon
 12215 | D:12     | Noticed a soul eater
 12290 | D:12     | Identified the +2 robe of the Flute {Dex+3}
 12434 | D:13     | Reached skill level 17 in Axes
 12436 | D:13     | Noticed a catoblepas
 12442 | D:13     | Noticed a boulder beetle
 12452 | D:13     | Killed a catoblepas
 12468 | D:13     | Killed a boulder beetle
 12469 | D:13     | Reached XP level 13. HP: 66/116 MP: 13/13
 12738 | D:13     | Reached ***** piety under Beogh
 12890 | D:13     | You fall into a shaft and drop 2 floors!
 12890 | D:15     | Entered Level 15 of the Dungeon
 13286 | D:15     | Found a frozen archway.
 13309 | IceCv    | Entered an ice cave
 13338 | IceCv    | Noticed a quicksilver ooze
 13347 | IceCv    | Killed a quicksilver ooze
 13396 | IceCv    | Mangled by a titanic slime creature

Illustrated notes

Levels and vault maps discovered:
D:1:      zaba_arrival_water, layout_rooms
D:2:      layout_rooms, kennysheep_crisscross
D:3:      layout_basic
D:4:      layout_layer_cave
D:5:      cheibrodos_fertilizer, layout_rooms, minmay_temple_entry_ruins
D:6:      layout_basic, nemelex_diamond_rough_becter, sigmund_army
D:7:      layout_cave_pools, serial_gnoll_camp, gnoll_camp_mini_doghouse,
          gnoll_camp_mini_basic, gnoll_camp_mini_house, gnoll_camp_mini_doghouse
D:8:      layout_gridville, amethyst_killhole
D:9:      layout_rooms
D:10:     layout_roguey, erik_lair_orcish_takeover,
          nicolae_transporter_intersection
D:11:     layout_cave_pods, minmay_the_grid_square_5x5_3x3_mashed
          [minmay_the_grid_square_5x5_forky,
          minmay_the_grid_square_5x5_minivault, minmay_the_grid_square_5x5_v,
          minmay_the_grid_square_5x5_meh,
          minmay_the_grid_square_5x5_megaprize_hollow,
          minmay_the_grid_square_5x5_bite,
          minmay_the_grid_square_5x5_checkered_sparse,
          minmay_the_grid_square_5x5_almost_minimal,
          minmay_the_grid_square_5x5_bracketed]
D:12:     layout_basic, zombieorc2_lemuel, minmay_protected_statue, uniq_jorgrun
D:13:     layout_cave_pods, serial_glass, glass_columns_c, glass_columns_a,
          glass_columns_b, glass_columns_c, hangedman_decor_diamond_cutter,
          chequers_serial_rivers_small_b, corner_web_ring, uniq_erolcha,
          uniq_josephine
D:15:     gammafunk_enter_depths_forms, layout_long_grid,
          portal_ice_cave_entry_frozen_things, nicolae_trove_entry_diagonal,
          hangedman_decor_points
Temple:   mainiacjoe_temple_starburst
IceCv:    ice_cave_hellmonk_azure_passage

Skill      XL: |  1  2  3  4  5  6  7  8  9 10 11 12 13 |
---------------+----------------------------------------+-----
Axes           | 3 4 5 6 8 10 12 13 15 17 | 17.9
Fighting       | 4 5 6 7 8 9 11 12 | 12.2
Shields        | 4 5 6 8 9 10 11 | 11.5
Dodging        | 1 2 3 4 5 6 7 |  7.0
Armour         | 4 5 6 7 8 |  8.5
Stealth        | 1 2 |  2.2
Throwing       | 1 |  1.0
Invocations    | 1 |  1.1
Evocations     | |  0.6

Action                     |  1- 3 |  4- 6 |  7- 9 | 10-12 | 13-15 || total
---------------------------+-------+-------+-------+-------+-------++-------
  Melee: War axe           |    84 |   148 |   195 |   453 |   139 ||  1019
  Throw: Stone             |       |       |    16 |     8 |       ||    24
 Invoke: Convert to Beogh  |       |       |     1 |       |       ||     1
         Smiting           |       |       |       |     2 |       ||     2
  Evoke: Wand              |       |       |       |     3 |       ||     3
         Phantom mirror    |       |       |       |     1 |       ||     1
    Use: Potion            |       |       |     1 |     8 |       ||     9
         Scroll            |       |       |       |    27 |     1 ||    28
 Armour: Scale mail        |    60 |    53 |       |       |       ||   113
         Ring mail         |       |     3 |    77 |   128 |    39 ||   247
  Dodge: Dodged            |    54 |    46 |    72 |   232 |    60 ||   464
         Repelled          |       |       |       |     5 |     2 ||     7
  Block: Buckler           |    24 |       |       |       |       ||    24
         Kite shield       |     6 |    96 |   170 |   305 |   103 ||   680

Table legend: (Time is in decaauts)
 A = Elapsed time spent in this place.
 B = Non-inter-level travel time spent in this place.
 C = Inter-level travel time spent in this place.
 D = Time resting spent in this place.
 E = Time spent auto-exploring this place.
 F = Levels seen in this place.
 G = Mean time per level.
                   A        B        C        D        E       F      G
               +--------+--------+--------+--------+--------+-----+--------+
         Total |  13505 |  11955 |   1550 |    982 |   7202 |  16 |  844.1 |
       Dungeon |  12731 |  11299 |   1432 |    970 |   6658 |  14 |  909.4 |
        Temple |    694 |    576 |    118 |      0 |    544 |   1 |  694.0 |
      Ice Cave |     79 |     79 |      0 |     12 |      0 |   1 |   79.0 |
               +--------+--------+--------+--------+--------+-----+--------+

Top non-repeatable levels by time:
    D:11: 1475 daAuts
     D:4: 1337 daAuts
    D:12: 1332 daAuts
     D:8: 1233 daAuts
     D:3: 1114 daAuts
    D:10: 857 daAuts
     D:6: 845 daAuts
     D:5: 827 daAuts
     D:7: 802 daAuts
     D:2: 721 daAuts
     D:1: 721 daAuts
  Temple: 694 daAuts
     D:9: 598 daAuts
    D:13: 453 daAuts
    D:15: 409 daAuts
